 Dungeon Sprint DCSS version 0.30-a0-121-gb27577e5d9 (webtiles) character file.

Game seed: 1972361578445826947

28 mhtbhm the Digger (level 3, -1/19 HPs)
             Began as a Deep Elf Earth Elementalist on Sept 14, 2022.
             Was a Believer of Vehumet.
             Slain by a gnoll
             ... wielding a +0 whip
              (8 damage)
             ... in the Dungeon (Sprint VII: "The Pits").
             The game lasted 00:01:08 (459 turns).

mhtbhm the Digger (Deep Elf Earth Elementalist)      Turns: 459, Time: 00:01:09

Health: -1/19      AC:  2    Str:  5    XL:     3   Next: 0%
Magic:  4/11       EV: 13    Int: 21    God:    Vehumet [**....]
Gold:   0          SH:  0    Dex: 15    Spells: 6/11 levels left

rFire   . . .      SeeInvis .    k - +2 quarterstaff
rCold   . . .      Faith    .    (shield currently unavailable)
rNeg    . . .      Spirit   .    a - +0 robe
rPois   .          Reflect  .    (no helmet)
rElec   .          Harm     .    (no cloak)
rCorr   .          Rampage  .    (no gloves)
Will    .....      NoTele   +    (no boots)
Stlth   ++........               (no amulet)
HPRegen 0.06/turn                (no ring)
MPRegen 0.12/turn                (no ring)

@: no status effects
A: no striking features
a: Renounce Religion


You were in the Dungeon.
You worshipped Vehumet.
Vehumet was pleased with you.
You visited 1 branch

Inventory:

Hand Weapons
 k - a +2 quarterstaff (weapon)
Armour
 a - a +0 robe (worn)
Scrolls
 g - a scroll of blinking
 i - 5 scrolls of amnesia
 j - a scroll of summoning
Potions
 b - 5 potions of magic
 c - a potion of curing
 e - a potion of haste
 f - 3 potions of berserk rage
 h - 2 potions of invisibility


   Skills:
 + Level 3.9 Dodging
 + Level 3.1 Stealth
 + Level 4.6 Spellcasting
 + Level 1.1 Transmutations
 + Level 5.7 Earth Magic


You had 6 spell levels left.
You knew the following spells:

 Your Spells              Type           Power      Damage    Failure   Level
a - Sandblast             Erth           58%        2d13      1%          1
b - Freeze                Ice            16%        1d4       12%         1
c - Stone Arrow           Conj/Erth      32%        3d9       11%         3

Your spell library contained the following spells:

 Spells                   Type           Power      Damage    Failure   Level
 Scorch                   Fire           8%         2d5       17%         2
 Passwall                 Tmut/Erth      15%        N/A       4%          2
 Petrify                  Tmut/Erth      19%        N/A       26%         4


Dungeon Overview and Level Annotations

Branches:
Dungeon (1/1)

Altars:
Ashenzari
Cheibriados
Dithmenos
Elyvilon
Fedhas
Gozag
Hepliaklqana
Kikubaaqudgha
Makhleb
Nemelex Xobeh
Okawaru
Qazlal
Ru
Sif Muna
Trog
Uskayaw
Vehumet
Wu Jian
Xom
Yredelemnul
Zin
The Shining One
Jiyva
Lugonu


Message History

Aiming: Sandblast (safe; 1% risk of failure)
Press: ? - help, Shift-Dir - straight line, f/p - iguana
Aim: an iguana (moderately wounded, 85% to hit)
The blast of sand hits the iguana but does no damage.
The iguana is moderately wounded.
A kobold comes into view. It is wielding a +0 short sword.
Unknown command.
Unknown command.
Casting: Sandblast (safe; 1% risk of failure)
Confirm with . or Enter, or press ? or * to list all spells.
Aiming: Sandblast (safe; 1% risk of failure)
Press: ? - help, Shift-Dir - straight line, f/p - iguana
Aim: an iguana (moderately wounded, 85% to hit)
The blast of sand hits the iguana!
The iguana is severely wounded.
The iguana barely misses you. The iguana misses you.
Unknown command.
Unknown command.
Casting: Sandblast (safe; 1% risk of failure)
Confirm with . or Enter, or press ? or * to list all spells.
Aiming: Sandblast (safe; 1% risk of failure)
Press: ? - help, Shift-Dir - straight line, f/p - iguana
Aim: an iguana (severely wounded, 85% to hit)
The blast of sand hits the iguana but does no damage.
The iguana is severely wounded.
The iguana bites you!
Ouch! That really hurt!
Unknown command.
Unknown command.
Casting: Sandblast (safe; 1% risk of failure)
Confirm with . or Enter, or press ? or * to list all spells.
Aiming: Sandblast (safe; 1% risk of failure)
Press: ? - help, Shift-Dir - straight line, f/p - iguana
Aim: an iguana (severely wounded, 85% to hit)
The blast of sand hits the iguana!
You kill the iguana!
Vehumet accepts your kill. Vehumet offers you knowledge of Scorch.
The gnoll hits you with a +0 whip!
You die...

#_________.#
#_______...#########
##########'##.......
#.?(.')))'.##......#
##########.##.......
#.........†.'.......
#+#####'#####......#
#..#..#..##.......
#@.').)..#####'###
##g####+###.......
K.. #....... .....
#....... ###+##
#...<... #.......
#....... #.......
########


You could see a gnoll and a kobold.

Vanquished Creatures
  An iguana (D)
  2 gnolls (D)
  An adder zombie (D)
  2 endoplasms (D)
  A giant cockroach (D)
7 creatures vanquished.

Notes
Turn   | Place    | Note
-------+----------+-------------------------------------------
     0 | D        | mhtbhm the Deep Elf Earth Elementalist began the quest for
                  | the Orb.
     0 | D        | Reached XP level 1. HP: 10/10 MP: 6/6
    18 | D        | Found a bloodstained altar of Trog.
    18 | D        | Found a shimmering blue altar of Sif Muna.
    18 | D        | Found a viscous altar of Jiyva.
    18 | D        | Found a hazy altar of Hepliaklqana.
    18 | D        | Found an opulent altar of Gozag.
    19 | D        | Found a glowing golden altar of the Shining One.
    19 | D        | Found a glowing silver altar of Zin.
    19 | D        | Found a basalt altar of Yredelemnul.
    19 | D        | Found a shimmering altar of Xom.
    19 | D        | Found an ornate altar of the Wu Jian Council.
    19 | D        | Found a sacrificial altar of Ru.
    19 | D        | Found a stormy altar of Qazlal.
    19 | D        | Found an iron altar of Okawaru.
    19 | D        | Found a sparkling altar of Nemelex Xobeh.
    19 | D        | Found a burning altar of Makhleb.
    19 | D        | Found a blossoming altar of Fedhas.
    19 | D        | Found a white marble altar of Elyvilon.
    19 | D        | Found a shadowy altar of Dithmenos.
    19 | D        | Found a snail-covered altar of Cheibriados.
    21 | D        | Found a radiant altar of Vehumet.
    21 | D        | Found a corrupted altar of Lugonu.
    22 | D        | Found a hide-covered altar of Uskayaw.
    22 | D        | Found an ancient bone altar of Kikubaaqudgha.
    22 | D        | Found a broken altar of Ashenzari.
    29 | D        | Became a worshipper of Vehumet
    77 | D        | Reached skill level 4 in Earth Magic
   126 | D        | Reached * piety under Vehumet
   126 | D        | Offered knowledge of Freeze by Vehumet.
   127 | D        | Reached skill level 5 in Earth Magic
   127 | D        | Reached XP level 2. HP: 15/15 MP: 1/9
   272 | D        | Learned a level 1 spell: Freeze
   279 | D        | Reached XP level 3. HP: 8/19 MP: 6/11
   453 | D        | Learned a level 3 spell: Stone Arrow
   459 | D        | Reached ** piety under Vehumet
   459 | D        | Offered knowledge of Scorch by Vehumet.
   459 | D        | Slain by a gnoll

Illustrated notes

Levels and vault maps discovered:
D:        pitsprint [storerooms_1, entrance_room_1, metal_vault_1, armoury_3,
          mini_pit_1, grid_room_1, main_hall_1, silver_pit, the_coven_1,
          the_vestibule_1, steel_vault_2, golden_pit, hallway_of_sentries,
          crystal_vault_5, iron_vault_1, final_vault]

Skill      XL: |  1  2 |
---------------+-------+-----
Dodging        | 3 |  3.9
Earth Magic    | 5 |  5.7
Spellcasting   | 4 |  4.6
Stealth        | 3 |  3.1
Transmutations | |  1.1

Action                   || total
-------------------------++-------
 Cast: Sandblast         ||    17
       Stone Arrow       ||     1
  Use: Potion            ||     1
Dodge: Dodged            ||     6

Table legend: (Time is in decaauts)
 A = Elapsed time spent in this place.
 B = Non-inter-level travel time spent in this place.
 C = Inter-level travel time spent in this place.
 D = Time resting spent in this place.
 E = Time spent auto-exploring this place.
 F = Levels seen in this place.
 G = Mean time per level.
                   A        B        C        D        E       F      G
               +--------+--------+--------+--------+--------+-----+--------+
         Total |    466 |    466 |      0 |    331 |      0 |   1 |  466.0 |
       Dungeon |    466 |    466 |      0 |    331 |      0 |   1 |  466.0 |
               +--------+--------+--------+--------+--------+-----+--------+

Top non-repeatable levels by time:
       D: 466 daAuts
